 Dungeon Crawl Stone Soup version 0.30-a0-777-ga9a30cbeda (webtiles) character file.

Game seed: 11975818229386423919

151 NotreDorf the Magician (level 5, -8/37 (38) HPs)
             Began as a Mummy Hedge Wizard on Feb 13, 2023.
             Mangled by a gnoll
             ... wielding a +0 halberd
              (10 damage)
             ... on level 3 of the Dungeon.
             The game lasted 00:13:03 (2517 turns).

NotreDorf the Magician (Mummy Hedge Wizard)         Turns: 2517, Time: 00:13:04

HP:   -8/37 (38)    AC:  4    Str: 14    XL:     5   Next: 11%
MP:   1/12          EV: 12    Int: 15    God:
Gold: 58            SH:  0    Dex: 11    Spells: 5/13 levels left

rFire   x . .      SeeInvis .    g - +0 eveningstar
rCold   + . .      Faith    +    (no shield)
rNeg    + + +      Spirit   .    b - +0 robe
rPois   ∞          Reflect  .    p - +1 hat
rElec   .          Harm     .    (no cloak)
rCorr   .          Rampage  .    (no gloves)
Will    .....                    k - +0 pair of boots
Stlth   ++                       (no amulet)
HPRegen 0.26/turn                (no ring)
MPRegen 0.13/turn                (no ring)

@: very slightly contaminated, lightly drained
A: cold resistance 1, negative energy resistance 3, torment resistance 2, heat
vulnerability 1, in touch with death 1, no potions, faith
a: no special abilities


You were on level 3 of the Dungeon.
You visited 1 branch of the dungeon, and saw 3 of its levels.

You collected 58 gold pieces.

Inventory:

Hand Weapons
 g - a +0 eveningstar (weapon)
 h - a +1 whip of flaming
 m - a +2 rapier of flaming
Missiles
 l - 2 throwing nets
Armour
 b - a +0 robe (worn)
 k - a +0 pair of boots (worn)
 p - a +1 hat (worn)
Magical Staves
 n - a staff of earth
Jewellery
 d - a ring of fire
Scrolls
 e - 2 scrolls of identify {unknown}
 f - a scroll of teleportation {unknown}
 i - a scroll of fear {unknown}
 j - a scroll of fog {unknown}
 o - a scroll of immolation {unknown}


   Skills:
 + Level 2.2 Fighting
 - Level 1.5 Dodging
 - Level 1.5 Stealth
 + Level 4.9 Spellcasting
 + Level 2.0 Conjurations
 - Level 0.7 Summonings
 + Level 2.0 Translocations


You had 5 spell levels left.
You knew the following spells:

 Your Spells              Type           Power      Damage    Failure   Level
a - Magic Dart            Conj           36%        1d4       7%          1
b - Blink                 Tloc           18%        N/A       11%         2
c - Cigotuvi's Dreadful   Necr/Pois/Air  10%        N/A       26%         2
d - Vampiric Draining     Necr           5%         2d6       45%         3

Your spell library contained the following spells:

 Spells                   Type           Power      Damage    Failure   Level
 Lesser Beckoning         Tloc           18%        N/A       11%         2
 Momentum Strike          Conj/Tloc      18%        3d8       11%         2
 Necrotise                Necr           20%        1d5       17%         1
 Slow                     Hex            12%        N/A       17%         1
 Call Imp                 Summ           5%         N/A       19%         2
 Call Canine Familiar     Summ           5%         N/A       36%         3
 Mephitic Cloud           Conj/Pois/Air  5%         N/A       36%         3
 Ozocubu's Armour         Ice            3%         N/A       45%         3
 Agony                    Necr           5%         N/A       99%         5
 Spellforged Servitor     Conj/Summ      3%         N/A       100%        7


Dungeon Overview and Level Annotations

Branches:
Dungeon (3/15)

Altars:

Shops:
D:1 !


Innate Abilities, Weirdness & Mutations

You are immune to poison.
Your flesh is cold resistant. (rC+)
You are immune to negative energy. (rN+++)
You are immune to unholy pain and torment.
You are vulnerable to heat. (rF-)
You are in touch with the powers of death.
You do not drink.
You have a special connection with the divine. (Faith)


Message History

The magic dart hits the gnoll.
The gnoll is severely wounded.
Casting: Magic Dart (safe; 7% risk of failure)
Confirm with . or Enter, or press ? or * to list all spells.
Aiming: Magic Dart (safe; 7% risk of failure)
Press: ? - help, Shift-Dir - straight line, f/p - gnoll
Aim: a gnoll, wielding a +0 spear (severely wounded, 100% to hit)
You miscast Magic Dart.
You are very lightly contaminated with residual magic.
Nothing appears to happen.
The gnoll hits you but does no damage.
Casting: Magic Dart (safe; 7% risk of failure)
Confirm with . or Enter, or press ? or * to list all spells.
Aiming: Magic Dart (safe; 7% risk of failure)
Press: ? - help, Shift-Dir - straight line, f/p - gnoll
Aim: a gnoll, wielding a +0 spear (severely wounded, 100% to hit)
The magic dart hits the gnoll.
The gnoll is severely wounded.
A gnoll comes into view. It is wielding a +0 halberd.
The gnoll hits you from afar with a +0 spear.
Casting: Magic Dart (safe; 7% risk of failure)
Confirm with . or Enter, or press ? or * to list all spells.
Aiming: Magic Dart (safe; 7% risk of failure)
Press: ? - help, Shift-Dir - straight line, f/p - gnoll
Aim: a gnoll, wielding a +0 spear (severely wounded, 100% to hit)
You miscast Magic Dart.
Nothing appears to happen.
The gnoll shouts!
You hear a shout!
The gnoll hits you from afar with a +0 spear.
The gnoll hits you with a +0 spear.
You puncture the gnoll!
You kill the gnoll!
The gnoll hits you with a +0 halberd!
You see here a +0 spear.
You hit the gnoll but do no damage. The gnoll hits you with a +0 halberd!
* * * LOW HITPOINT WARNING * * *
You hit the gnoll.
The gnoll is moderately wounded.
The gnoll hits you with a +0 halberd.
* * * LOW HITPOINT WARNING * * *
The gnoll hits you with a +0 halberd!
You die...

##.###............#
#.#....##.###.#.###########
#........# #....[)........
###..#.#### #......#######.
.....#.######......#######.
#.#.........#....#........
?.#.†......###...#.#######
.......####.## ##.##.#
..........g@.###.###.#
..###.#######.#..###.# . #.
#........# .. #....≈≈≈.# ..
#####....≈$≈.# #.
##........≈≈≈.#
.......<......#
...........##.#
##.####...## .#


You could see a gnoll.

Vanquished Creatures
  7 gnolls
  2 adders
  2 dart slugs
  8 ball pythons
  7 bats (D:1)
  8 endoplasms
  A giant cockroach (D:1)
  3 goblins
  4 hobgoblins
  6 jackals
  2 quokkas
  3 frilled lizards
  3 kobolds
  4 rats
60 creatures vanquished.

Notes
Turn   | Place    | Note
-------+----------+-------------------------------------------
     0 | D:1      | NotreDorf the Mummy Hedge Wizard began the quest for the
                  | Orb.
     0 | D:1      | Reached XP level 1. HP: 13/13 MP: 5/5
     6 | D:1      | Got the Elucidation of the Vanishing Knives
   167 | D:1      | Reached skill level 1 in Translocations
   256 | D:1      | Reached skill level 1 in Conjurations
   399 | D:1      | Reached XP level 2. HP: 20/20 MP: 5/7
   719 | D:1      | Reached skill level 1 in Fighting
   916 | D:1      | Gained mutation: You are in touch with the powers of death.
                  | [Mummy growth]
   916 | D:1      | Reached XP level 3. HP: 26/26 MP: 6/8
   977 | D:1      | Found Poumappu's Distillery.
  1259 | D:1      | Learned a level 2 spell: Blink
  1262 | D:1      | Learned a level 2 spell: Cigotuvi's Dreadful Rot
  1648 | D:2      | Reached XP level 4. HP: 29/33 MP: 4/10
  2103 | D:2      | Learned a level 3 spell: Vampiric Draining
  2485 | D:3      | Reached XP level 5. HP: 34/36 MP: 4/12
  2517 | D:3      | Mangled by a gnoll

Illustrated notes

Levels and vault maps discovered:
D:1:      minmay_arrival_jagged, layout_basic, serial_shops,
          nicolae_shop_behind_doors
D:2:      layout_basic, minmay_between
D:3:      layout_loops_ring, nicolae_ecumenical_oubliette,
          ebering_ghost_disaster_area, chequers_serial_rivers_room_a,
          minivault_24, corexii_item_surrounded_by_moat,
          kennysheep_generic_room_9

Skill      XL: |  1  2  3  4 |
---------------+-------------+-----
Translocations | 1 2 |  2.0
Conjurations   | 1 2 |  2.0
Fighting       | 1 2 |  2.2
Dodging        | |  1.5
Stealth        | |  1.5
Spellcasting   | |  4.9
Summonings     | |  0.7

Action                     |  1- 3 |  4- 6 || total
---------------------------+-------+-------++-------
  Melee: Dagger            |    21 |       ||    21
         Eveningstar       |    16 |    36 ||    52
         Punch             |     1 |       ||     1
   Cast: Magic Dart        |    95 |    48 ||   143
         Cigotuvi's Dreadf |       |     1 ||     1
   Stab: Sleeping          |     1 |       ||     1
 Armour: Robe              |     7 |    11 ||    18
  Dodge: Dodged            |    41 |    38 ||    79

Table legend: (Time is in decaauts)
 A = Elapsed time spent in this place.
 B = Non-inter-level travel time spent in this place.
 C = Inter-level travel time spent in this place.
 D = Time resting spent in this place.
 E = Time spent auto-exploring this place.
 F = Levels seen in this place.
 G = Mean time per level.
                   A        B        C        D        E       F      G
               +--------+--------+--------+--------+--------+-----+--------+
         Total |   2541 |   2502 |     39 |     19 |   1912 |   3 |  847.0 |
       Dungeon |   2541 |   2502 |     39 |     19 |   1912 |   3 |  847.0 |
               +--------+--------+--------+--------+--------+-----+--------+

Top non-repeatable levels by time:
     D:1: 1278 daAuts
     D:2: 1102 daAuts
     D:3: 160 daAuts
